 Dungeon Crawl Stone Soup version 0.22-a0-21-g9421e3f (webtiles) character file.

38 KristoblXynda the Chopper (level 3, -3/32 HPs)
             Began as a Naga Gladiator on Jan 2, 2018.
             Slain by a kobold
             ... wielding a +1 dagger of electrocution
              (13 damage)
             ... on level 2 of the Dungeon.
             The game lasted 00:01:41 (769 turns).

KristoblXynda the Chopper (Naga Gladiator)           Turns: 769, Time: 00:01:41

Health: -3/32      AC:  3    Str: 17    XL:     3   Next: 43%
Magic:  3/3        EV: 10    Int:  8    God:
Gold:   50         SH:  0    Dex: 12    Spells: 2/2 levels left

rFire    . . .     SeeInvis +   a - +0 war axe
rCold    . . .     Gourm    .   (no shield)
rNeg     . . .     Faith    .   b - +0 leather armour
rPois    +         Spirit   .   c - +0 helmet
rElec    .         Reflect  .   (no cloak)
rCorr    .         Harm     .   (no gloves)
MR       .....                  (no barding)
Stlth    ++........             (no amulet)
HPRegen  0.10/turn              (no ring)
MPRegen  0.08/turn              (no ring)

@: very slow
A: large, see invisible, deformed body, poison resistance, slowness 2, slow
metabolism 1, spit poison 1, AC +1
a: Spit Poison


You were on level 2 of the Dungeon.
You were not hungry.

You visited 1 branch of the dungeon, and saw 2 of its levels.

You collected 50 gold pieces.

Inventory:

Hand Weapons
 a - a +0 war axe (weapon)
Missiles
 d - 3 throwing nets (quivered)
Armour
 b - a +0 leather armour (worn)
 c - a +0 helmet (worn)
Scrolls
 e - a scroll of teleportation {unknown}
Potions
 g - 2 potions of haste {unknown}
 i - a potion of ambrosia {unknown}
Comestibles
 f - a ration


   Skills:
 - Level 2.0 Fighting
 + Level 3.4 Axes
 - Level 2.0 Throwing
 + Level 2.9 Dodging
 + Level 2.0 Stealth


You had 2 spell levels left.
You didn't know any spells.

Dungeon Overview and Level Annotations

Branches:
Dungeon (2/15)

Altars:


Innate Abilities, Weirdness & Mutations

You cannot wear boots.
Your serpentine skin is tough. (AC +1)
You have supernaturally acute eyesight. (SInv)
Armour fits poorly on your strangely shaped body.
Your system is resistant to poisons. (rPois)
You cover ground very slowly.
You have a slow metabolism.
You can spit poison.


Message History

A hobgoblin is nearby!
The hobgoblin barely misses you.
A kobold comes into view.
It is wielding a dagger of electrocution.
You closely miss the hobgoblin.
The hobgoblin hits you but does no damage.
The hobgoblin barely misses you.
You slash the hobgoblin!
You kill the hobgoblin!
Your Stealth skill increases to level 2!
The kobold throws a stone.
The stone hits you but does no damage.
The kobold hits you with a dagger of electrocution.
You are electrocuted!
Ouch! That really hurt!
The kobold hits you with a dagger of electrocution.
You see here a club.
You closely miss the kobold. The kobold barely misses you.
You closely miss the kobold.
The kobold hits you with a dagger of electrocution.
You are electrocuted!
You die...

### #(. ##### #.# ...
#.# #K# #<# #@#
#.####### #(# ##.......#
#####.#####.
#..†####.###............
(............###..######
#...####.##### #..#
##.## #.# #..# #.# #.#
#... #.# #.# ##.##


You could see a kobold.

Vanquished Creatures
  A leopard gecko (D:1)
  A ball python (D:1)
  3 bats (D:1)
  3 giant cockroaches (D:1)
  2 goblins
  4 hobgoblins
  8 jackals (D:1)
  3 kobolds (D:1)
  2 frilled lizards (D:1)
  3 rats
30 creatures vanquished.

Notes
Turn   | Place    | Note
-------+----------+-------------------------------------------
     0 | D:1      | KristoblXynda the Naga Gladiator began the quest for the Orb.
     0 | D:1      | Reached XP level 1. HP: 19/19 MP: 1/1
    91 | D:1      | Reached XP level 2. HP: 23/26 MP: 2/2
   209 | D:1      | Reached skill level 1 in Stealth
   391 | D:1      | Reached XP level 3. HP: 26/32 MP: 3/3
   769 | D:2      | Slain by a kobold

Vault maps used:
D:1:      lemuel_arrival_behind_the_door_large
D:2:      nicolae_overflow_crystal_walls, old_standard_altar, minmay_mini_jars,
          uniq_natasha, uniq_robin

Skill      XL: |  1  2  3 |
---------------+----------+-----
Throwing       | 2 |  2.0
Stealth        | 1 2 |  2.0
Fighting       | |  2.0
Axes           | |  3.4
Dodging        | |  2.9

Action                   || total
-------------------------++-------
Melee: War axe           ||    76
 Abil: Spit Poison       ||     1
 Stab: Sleeping          ||     2
Armor: Leather armour    ||    33
Dodge: Dodged            ||    72

Table legend:
 A = Spawn XP
 B = Non-spawn XP
 C = Spawn XP percentage of total XP
 D = Spawn monster count
 E = Non-spawn monster count
 F = Spawn count percentage of total count
 G = Total turns spent on level
                    A         B        C        D         E        F      G
               +---------+---------+-------+---------+---------+-------+---------
         Total |       0 |      55 |   0.0 |       0 |      30 |   0.0 |   769
               +---------+---------+-------+---------+---------+-------+---------
           D:1 |       0 |      50 |   0.0 |       0 |      27 |   0.0 |   740
           D:2 |       0 |       5 |   0.0 |       0 |       3 |   0.0 |    29
               +---------+---------+-------+---------+---------+-------+---------
